 Dungeon Sprint DCSS version 0.30-a0-1160-g6e42c06551 (webtiles) character file.

Game seed: 10134126612248462386

20666 fozzywoppz the Wrestler (level 12, -5/131 HPs)
             Began as a Troll Fighter on Apr 25, 2023.
             Was an Elder of Jiyva.
             Slain by a stone giant (38 damage)
             ... in the Dungeon (Sprint IX: "|||||||||||||||||||||||||||||").
             The game lasted 00:07:58 (1232 turns).

fozzywoppz the Wrestler (Troll Fighter)             Turns: 1232, Time: 00:07:59

Health: -5/131     AC: 12    Str: 29    XL:     12   Next: 47%
Magic:  11/11      EV: 14    Int:  4    God:    Jiyva [****..]
Gold:   452        SH: 16    Dex: 11    Spells: 11/11 levels left

rFire   . .          .
                       - Unarmed
rCold   . . .        b - +0 kite shield
rNeg    . . .        F - +0 swamp dragon scales
rPois   +            (helmet unavailable)
rElec   .            u - +0 cloak
rCorr   +            (gloves unavailable)
SInv    +            (boots unavailable)
Will    .....        x - amulet of reflection
Stlth   +            m - +2 ring of protection
HPRegen 2.49/turn    n - +2 ring of evasion
MPRegen 0.52/turn

%: no teleportation, reflection
@: no status effects
A: large, unfitting armour, claws 3, regeneration 1, shaggy fur 1, tough skin 1,
antennae 3, jelly sensing items
a: Renounce Religion, Oozemancy, Slimify


You were in the Dungeon.
You worshipped Jiyva.
Jiyva was greatly pleased with you.
You visited 1 branch You collected 1688 gold pieces.
You spent 1236 gold pieces at shops.

Inventory:

Missiles
 v - 4 curare-tipped darts (quivered)
Armour
 b - a +0 kite shield (worn)
 u - a +0 cloak (worn)
 E - +0 acid dragon scales
 F - +0 swamp dragon scales (worn)
 G - +1 fire dragon scales
Jewellery
 m - a +2 ring of protection (left claw)
 n - a +2 ring of evasion (right claw)
 p - a ring of magical power
 x - an amulet of reflection (around neck)
 B - a ring of protection from fire
 C - a ring of protection from fire
 D - a ring of willpower
Wands
 l - a wand of quicksilver (6)
Scrolls
 i - a scroll of blinking
 k - 2 scrolls of amnesia
 q - 2 scrolls of identify
 r - 3 scrolls of fog
 s - 4 scrolls of enchant weapon
 t - 2 scrolls of fear
Potions
 c - 2 potions of haste
 d - 11 potions of curing
 e - 2 potions of might
 f - a potion of mutation
 g - 4 potions of magic
 h - 3 potions of berserk rage
 j - a potion of invisibility
 w - 5 potions of heal wounds
 z - a potion of cancellation
 A - a potion of ambrosia
Miscellaneous
 y - a lightning rod (4/4)


   Skills:
 + Level 11.7 Fighting
 + Level 11.7 Dodging
 + Level 10.5 Shields
 + Level 24.0 Unarmed Combat


You had 11 spell levels left.
You didn't know any spells.
Your spell library was empty.

Dungeon Overview and Level Annotations

Branches:
Dungeon (1/1)

Altars:
Cheibriados
Dithmenos
Elyvilon
Fedhas
Gozag
Hepliaklqana
Kikubaaqudgha
Makhleb
Nemelex Xobeh
Okawaru
Qazlal
Ru
Sif Muna
Trog
Uskayaw
Vehumet
Wu Jian
Xom
Yredelemnul
Zin
The Shining One
Jiyva
Lugonu

Shops:
D *!!(


Innate Abilities, Weirdness & Mutations

You are too large for most types of armour.
You have claws for hands.
Your natural rate of healing is unusually fast.
You are covered in fur. (AC +1)
You have tough skin. (AC +1)
You have a pair of large antennae on your head. (SInv)
You have a small jelly attached to you that senses nearby items.


Message History

The boulder beetle is severely wounded.
The bolt of dispelling energy hits the stone giant.
The stone giant is lightly wounded.
The bolt of dispelling energy hits the green very ugly thing!
The green very ugly thing is lightly wounded.
The boulder beetle curls into a ball and begins rolling!
Aiming: Quicksilver Bolt
Press: ? - help, Shift-Dir - straight line, f/p - green very ugly thing
Aim: a green very ugly thing (lightly wounded, 71% to hit)
The bolt of dispelling energy hits the ice dragon!
The ice dragon is severely wounded.
The bolt of dispelling energy hits the boulder beetle.
The boulder beetle is severely wounded.
The bolt of dispelling energy hits the stone giant.
The stone giant is lightly wounded.
The bolt of dispelling energy hits the green very ugly thing!
The green very ugly thing is moderately wounded.
The ice dragon breathes frost at you. The blast of cold hits you!!
* * * LOW HITPOINT WARNING * * *
You hear a deafening roar!
Aiming: Thunderbolt
Press: ? - help, Shift-Dir - straight line, p - green very ugly thing The thunderbolt hits the boulder beetle.
The boulder beetle is almost dead.
The thunderbolt hits the ice dragon!
The ice dragon is almost dead.
The boulder beetle stops rolling and uncurls.
You eviscerate the ice dragon!!!
You kill the ice dragon!
Your lightning rod (4/4) has regained one charge.
A rakshasa comes into view. It is wielding a +0 trident.
The boulder beetle leaps!
You see here a +0 longbow.
An ice dragon comes into view.
The ice dragon roars deafeningly!
The rakshasa weaves an illusion.
The ice dragon shimmers and seems to become two!
The stone giant hits you!!!
You die... { { {{{{{{{{{ {{{{{{{{{ {{{{ {{{{{{

▓▓▓▓▓▓▓▓▓▓▓▓▓▓▓▓▓▓▓▓▓▓▓▓
DDR..uC@))))†.B...[.....
▓▓▓▓▓▓▓▓▓▓▓▓▓▓▓▓▓▓▓▓▓▓▓▓▓▓▓▓▓▓▓▓▓
†..................).............
▓▓▓▓▓▓▓▓▓▓▓▓▓▓▓▓▓▓▓▓▓▓▓▓▓▓▓▓▓▓▓▓▓
.....'.....∩)∩.∩.∩.))))).......))
▓▓▓▓▓▓▓▓▓▓▓▓▓▓▓▓▓▓▓▓▓▓▓▓▓▓▓▓▓▓▓▓▓
............{....................
▓▓▓▓▓▓▓▓▓▓▓▓▓▓▓▓▓▓▓▓▓▓▓▓▓▓▓▓▓▓▓▓▓
'..[[.[..{..){{.....†.†.........†


You could see a green very ugly thing, 2 ice dragons, a stone giant, a boulder
beetle and a rakshasa.

Vanquished Creatures
  A fire giant (D)
  A rakshasa (D)
  Erolcha (D)
  2 hydras (D)
  An ice dragon (D)
  3 centaur warriors (D)
  Erica (D)
  A death knight (D)
  2 orc high priests (D)
  Sonja (D)
  A skyshark (D)
  5 orc knights (D)
  A deep elf pyromancer (D)
  A cyclops (D)
  An orc sorcerer (D)
  2 elephants (D)
  An unseen horror (D)
  A komodo dragon (D)
  2 cane toads (D)
  3 polar bears (D)
  A tarantella (shapeshifter) (D)
  A shadow (D)
  4 yaks (D)
  A basilisk (D)
  Eustachio (D)
  A vampire (D)
  Grum (D)
  A vampire mosquito (D)
  4 water moccasins (D)
  19 orc warriors (D)
  5 black bears (D)
  An ogre (D)
  6 wolves (D)
  A centaur (D)
  3 bullfrogs (D)
  A gnoll sergeant (D)
  5 orc priests (D)
  An iguana (D)
  2 orc wizards (D)
  An ufetubus (D)
  A dart slug (D)
  4 orcs (D)
  A quokka (D)
  2 ball pythons (D)
  A goblin (D)
  A rat (D)
102 creatures vanquished.

Vanquished Creatures (others)
  An ogre mage (D)
  A vault sentinel (D)
  A slime creature (D)
  A black bear (D)
  4 jellies (D)
8 creatures vanquished.

Grand Total: 110 creatures vanquished

Notes
Turn   | Place    | Note
-------+----------+-------------------------------------------
     0 | D        | fozzywoppz the Troll Fighter began the quest for the Orb.
     0 | D        | Reached XP level 1. HP: 22/22 MP: 0/0
    33 | D        | Noticed an iguana
    33 | D        | Noticed a water moccasin
    33 | D        | Noticed an ogre
    37 | D        | Killed an ogre
    38 | D        | Reached skill level 4 in Unarmed Combat
    38 | D        | Reached XP level 2. HP: 22/32 MP: 1/1
    38 | D        | Reached XP level 3. HP: 27/39 MP: 2/2
    38 | D        | Reached XP level 4. HP: 33/48 MP: 3/3
    53 | D        | Killed a water moccasin
    54 | D        | Reached skill level 5 in Fighting
    54 | D        | Reached skill level 5 in Dodging
    54 | D        | Reached skill level 5 in Shields
    54 | D        | Reached skill level 5 in Unarmed Combat
    54 | D        | Reached XP level 5. HP: 22/57 MP: 4/4
    63 | D        | Reached skill level 6 in Unarmed Combat
   116 | D        | Found a snail-covered altar of Cheibriados.
   116 | D        | Found a shadowy altar of Dithmenos.
   116 | D        | Found a white marble altar of Elyvilon.
   116 | D        | Found a blossoming altar of Fedhas.
   116 | D        | Found an opulent altar of Gozag.
   117 | D        | Found a hazy altar of Hepliaklqana.
   118 | D        | Found a viscous altar of Jiyva.
   119 | D        | Found an ancient bone altar of Kikubaaqudgha.
   120 | D        | Found a corrupted altar of Lugonu.
   121 | D        | Found a burning altar of Makhleb.
   122 | D        | Found a sparkling altar of Nemelex Xobeh.
   123 | D        | Found an iron altar of Okawaru.
   124 | D        | Found a stormy altar of Qazlal.
   125 | D        | Found a sacrificial altar of Ru.
   126 | D        | Became a worshipper of Jiyva Jeklaklu the Shapeless
   127 | D        | Found a shimmering blue altar of Sif Muna.
   127 | D        | Killed a vault sentinel
   128 | D        | Found a bloodstained altar of Trog.
   129 | D        | Found a hide-covered altar of Uskayaw.
   129 | D        | Killed a slime creature
   130 | D        | Found a radiant altar of Vehumet.
   131 | D        | Found an ornate altar of the Wu Jian Council.
   132 | D        | Found a shimmering altar of Xom.
   133 | D        | Found a basalt altar of Yredelemnul.
   134 | D        | Found a glowing silver altar of Zin.
   135 | D        | Found a glowing golden altar of the Shining One.
   181 | D        | Noticed a centaur
   181 | D        | Noticed a yak
   181 | D        | Noticed a yak
   181 | D        | Noticed a shadow
   181 | D        | Noticed a yak
   193 | D        | Killed a yak
   194 | D        | Reached skill level 7 in Unarmed Combat
   194 | D        | Reached XP level 6. HP: 61/67 MP: 5/5
   195 | D        | Killed a shadow
   199 | D        | Killed a yak
   200 | D        | Reached skill level 8 in Unarmed Combat
   200 | D        | Reached XP level 7. HP: 32/78 MP: 6/6
   202 | D        | Killed a yak
   209 | D        | Reached skill level 9 in Unarmed Combat
   213 | D        | Noticed a centaur warrior
   213 | D        | Noticed a rakshasa
   213 | D        | Noticed a cyclops
   213 | D        | Noticed a vampire
   213 | D        | Noticed a death knight
   227 | D        | Killed a death knight
   228 | D        | Reached skill level 10 in Unarmed Combat
   228 | D        | Reached XP level 8. HP: 11/91 MP: 7/7
   235 | D        | Killed a cyclops
   236 | D        | Reached skill level 11 in Unarmed Combat
   236 | D        | Reached XP level 9. HP: 54/100 MP: 8/8
   241 | D        | Killed a rakshasa
   242 | D        | Reached skill level 10 in Fighting
   242 | D        | Reached skill level 10 in Dodging
   242 | D        | Reached skill level 12 in Unarmed Combat
   246 | D        | Killed a centaur warrior
   247 | D        | Reached skill level 14 in Unarmed Combat
   252 | D        | Killed an unseen horror
   275 | D        | Reached * piety under Jiyva
   402 | D        | Noticed a seven-headed hydra
   417 | D        | HP: 4/101 [seven-headed hydra (2)]
   423 | D        | Killed a seven-headed hydra
   424 | D        | Reached skill level 16 in Unarmed Combat
   424 | D        | Reached XP level 10. HP: 17/110 MP: 9/9
   493 | D        | Noticed a cane toad
   493 | D        | Noticed an elephant
   493 | D        | Noticed a cane toad
   493 | D        | Noticed an elephant
   497 | D        | Killed an elephant
   498 | D        | Reached skill level 17 in Unarmed Combat
   499 | D        | Killed a cane toad
   501 | D        | Noticed a skyshark
   512 | D        | Killed an elephant
   518 | D        | Killed a cane toad
   519 | D        | Reached skill level 18 in Unarmed Combat
   528 | D        | Killed a skyshark
   529 | D        | Reached skill level 19 in Unarmed Combat
   559 | D        | Reached XP level 11. HP: 117/117 MP: 10/10
   563 | D        | Reached skill level 20 in Unarmed Combat
   586 | D        | Reached ** piety under Jiyva
   627 | D        | Noticed Erica
   642 | D        | Killed Erica
   690 | D        | Noticed Sonja
   692 | D        | Noticed Erolcha
   700 | D        | Killed Erolcha
   701 | D        | Reached skill level 21 in Unarmed Combat
   705 | D        | Killed Sonja
   724 | D        | Reached *** piety under Jiyva
   800 | D        | Noticed an orc knight
   800 | D        | Noticed an orc high priest
   806 | D        | Noticed an orc sorcerer
   806 | D        | Killed an orc high priest
   807 | D        | Reached skill level 22 in Unarmed Combat
   815 | D        | Killed an orc knight
   824 | D        | Killed an orc sorcerer
   835 | D        | Noticed an orc high priest
   843 | D        | Killed an orc high priest
   844 | D        | Reached skill level 23 in Unarmed Combat
   872 | D        | Found Siajyst's Weapon Boutique.
   872 | D        | Noticed an orc knight
   872 | D        | Noticed an orc knight
   872 | D        | Noticed an orc knight
   875 | D        | Killed an orc knight
   883 | D        | Killed an orc knight
   887 | D        | Killed an orc knight
   890 | D        | Found Herph's Distillery.
   896 | D        | Found Vikuy's Distillery.
   902 | D        | Found Nestroc's General Store.
   905 | D        | Noticed an orc knight
   913 | D        | Killed an orc knight
   918 | D        | Reached XP level 12. HP: 128/128 MP: 11/11
   933 | D        | Bought a potion of heal wounds for 70 gold pieces
   933 | D        | Bought a potion of heal wounds for 70 gold pieces
   943 | D        | Bought an amulet of reflection for 360 gold pieces
   943 | D        | Bought a lightning rod (4/4) for 360 gold pieces
   950 | D        | Bought a potion of cancellation for 112 gold pieces
   954 | D        | Bought a potion of ambrosia for 80 gold pieces
   954 | D        | Bought a potion of might for 40 gold pieces
   954 | D        | Bought a potion of curing for 30 gold pieces
   954 | D        | Bought a potion of curing for 30 gold pieces
   960 | D        | Bought a potion of curing for 42 gold pieces
   960 | D        | Bought a potion of curing for 42 gold pieces
   977 | D        | Noticed Grum
   987 | D        | Killed Grum
  1006 | D        | Noticed Eustachio
  1009 | D        | Gained mutation: You have a pair of small antennae on your
                  | head. [Jiyva's grace]
  1009 | D        | Gained mutation: You have a pair of antennae on your head.
                  | [Jiyva's grace]
  1009 | D        | Gained mutation: You have a pair of large antennae on your
                  | head. (SInv) [Jiyva's grace]
  1009 | D        | Gained mutation: You have a small jelly attached to you
                  | that senses nearby items. [Jiyva's grace]
  1017 | D        | Killed Eustachio
  1042 | D        | Reached **** piety under Jiyva
  1087 | D        | Found the +4 Cigotuvi's embrace {Corpsefed rMiasma Drain
                  | rN+}
  1184 | D        | Noticed an ogre mage
  1184 | D        | Noticed a centaur warrior
  1184 | D        | Noticed a four-headed hydra
  1184 | D        | Noticed a centaur warrior
  1192 | D        | Noticed a boulder beetle
  1193 | D        | Killed a centaur warrior
  1194 | D        | Noticed a fire giant
  1195 | D        | Noticed an ice dragon
  1211 | D        | Killed a 14-headed hydra
  1218 | D        | Killed a fire giant
  1219 | D        | Reached skill level 10 in Shields
  1222 | D        | Noticed a stone giant
  1223 | D        | Killed a centaur warrior
  1225 | D        | Killed an ogre mage
  1226 | D        | Reached skill level 24 in Unarmed Combat
  1226 | D        | Noticed a green very ugly thing
  1230 | D        | Killed an ice dragon
  1231 | D        | Noticed a rakshasa
  1232 | D        | Noticed an ice dragon
  1232 | D        | Slain by a stone giant

Illustrated notes

Levels and vault maps discovered:
D:        linesprint [early_d, line_temple, items_1, d_10, items_2, lair_1,
          lair_end, items_3, orc_1, orc_end, items_4, d_15, swamp_1, shoals_1,
          snake_1, spider_1, d_20, vaults_1, items_5, swamp_end, shoals_end,
          snake_end, spider_end, vaults_end, d_27, items_6, zot_1, zot_end,
          crypt_end, forest_end, elf_end, slime_end, tomb_end, abyss_end,
          pan_hell_end]

Skill      XL: |  1  2  3  4  5  6  7  8  9 10 11 12 |
---------------+-------------------------------------+-----
Shields        | 4 5 6 7 8 10 | 10.5
Fighting       | 4 5 6 7 8 9 10 11 | 11.7
Dodging        | 4 5 6 7 9 10 11 | 11.7
Unarmed Combat | 4 5 7 8 10 11 16 19 23 24 | 24.0

Action                     |  1- 3 |  4- 6 |  7- 9 | 10-12 || total
---------------------------+-------+-------+-------+-------++-------
  Melee: Unarmed           |    23 |    40 |    50 |   238 ||   351
  Evoke: Wand              |       |       |     5 |     4 ||     9
         Lightning rod     |       |       |       |     3 ||     3
    Use: Potion            |       |     2 |     3 |     1 ||     6
         Scroll            |       |       |     1 |       ||     1
 Armour: Robe              |     4 |     4 |    19 |    15 ||    42
         Swamp dragon scal |       |       |       |    14 ||    14
  Dodge: Dodged            |     4 |    11 |    14 |    79 ||   108
  Block: Kite shield       |     8 |    10 |    11 |    94 ||   123
         Reflection        |       |       |       |     1 ||     1

Table legend: (Time is in decaauts)
 A = Elapsed time spent in this place.
 B = Non-inter-level travel time spent in this place.
 C = Inter-level travel time spent in this place.
 D = Time resting spent in this place.
 E = Time spent auto-exploring this place.
 F = Levels seen in this place.
 G = Mean time per level.
                   A        B        C        D        E       F      G
               +--------+--------+--------+--------+--------+-----+--------+
         Total |   1135 |   1135 |      0 |    101 |      0 |   1 | 1135.0 |
       Dungeon |   1135 |   1135 |      0 |    101 |      0 |   1 | 1135.0 |
               +--------+--------+--------+--------+--------+-----+--------+

Top non-repeatable levels by time:
       D: 1135 daAuts
